 Dungeon Crawl Stone Soup version 0.17-a0-1245-g990a8d8 (webtiles) character file.

51 ololoev the Slasher (level 4, 0/33 HPs)
             Began as a Formicid Skald on June 5, 2015.
             Slain by a crimson imp (1 damage)
             ... on level 2 of the Dungeon.
             The game lasted 00:03:03 (1484 turns).

ololoev the Slasher (Formicid Skald)                Turns: 1484, Time: 00:03:04

Health: 0/33       AC:  4    Str: 17    XL:     4   Next: 7%
Magic:  2/7        EV: 11    Int: 12    God:
Gold:   63         SH:  0    Dex: 10    Spells: 1 memorised, 6 levels left

rFire  . . .     SeeInvis +     a - +0 falchion
rCold  . . .     Clarity  .     b - +0 leather armour
rNeg   . . .     SustAt   .     (no shield)
rPois  .         Gourm    +     (helmet unavailable)
rElec  .         Spirit   .     p - +0 cloak
rCorr  .         Warding  .     (no gloves)
rMut   .         Stasis   +     (no boots)
MR     .....                    m - amulet of the gourmand
Stlth  +.........               (no ring)
                                (no ring)

@: infused (expiring), not resistant to hostile enchantments, very unstealthy
A: permanent stasis, dig shafts and tunnels, four strong arms, antennae 3
a: Dig, Shaft Self


Innate Abilities, Weirdness & Mutations

You are under a permanent stasis effect.
You can dig through walls and to a lower floor.
Your four strong arms can wield two-handed weapons with a shield.
You have a pair of large antennae on your head (SInv).

Inventory:

Hand weapons
 a - a +0 falchion (weapon)
Armour
 b - a +0 leather armour (worn)
 p - a +0 cloak (worn)
Jewellery
 m - an amulet of the gourmand (around neck)
Scrolls
 i - 2 scrolls of identify {unknown}
 j - a scroll of amnesia {unknown}
 k - a scroll of immolation {unknown}
 n - 2 scrolls of remove curse {unknown}
 o - a scroll of magic mapping {unknown}
Potions
 e - a potion of heal wounds {unknown}
 f - a potion of curing {unknown}
 h - a potion of magic {unknown}
 l - 2 potions of brilliance {unknown}
 q - a potion of invisibility {unknown}
Books
 c - a book of Battle

   Spells                             Type                      Level
   a - Infusion                       Charms                       1
   b - Shroud of Golubria             Charms/Translocation         2
   c - Song of Slaying                Charms                       2
   d - Spectral Weapon                Hexes/Charms                 3
   e - Regeneration                   Charms/Necromancy            3
Comestibles
 d - 2 bread rations
 g - a meat ration


   Skills:
 - Level 2.1 Fighting
 * Level 3.5 Long Blades
 + Level 2.2 Armour
 - Level 0.8 Dodging
 - Level 2.1 Spellcasting
 - Level 3.0 Charms


You had 6 spell levels left.
You knew the following spells:

 Your Spells              Type           Power        Failure   Level  Hunger
a - Infusion              Chrm           #.....       12%         1    ##.....


You were on level 2 of the Dungeon.
You were not hungry.

You visited 1 branch of the dungeon, and saw 2 of its levels.

You collected 63 gold pieces.

## #. { { #. ### #.##
#.. { #..#+#### #.#
#.......# #.# {
#.......#.#.#
#....@..#.#.##########
###..5................
#...###.#.##........
###...# #.#.##.######. {
#.....# #.............
#.....# #.#)##.#######
#.....# #.#.##.####
##'##..###.#.##....####
##...##.#.....##....'...

Notes
Turn   | Place    | Note
--------------------------------------------------------------
     0 | D:1      | ololoev the Formicid Skald began the quest for the Orb.
     0 | D:1      | Reached XP level 1. HP: 16/16 MP: 3/3
   164 | D:1      | Reached XP level 2. HP: 16/22 MP: 5/5
   720 | D:1      | Reached XP level 3. HP: 24/27 MP: 6/6
  1217 | D:2      | Reached XP level 4. HP: 30/33 MP: 2/7
  1390 | D:2      | Found a burning altar of Makhleb.
  1482 | D:2      | HP: 1/33 [crimson imp (4)]
  1484 | D:2      | Slain by a crimson imp

Dungeon Overview and Level Annotations

Branches:
Dungeon (2/15)

Altars:
Makhleb


Message History

The crimson imp is moderately wounded.
The crimson imp misses you.
You hit the crimson imp.
The crimson imp is severely wounded.
The crimson imp hits you.
You barely miss the crimson imp.
The crimson imp is heavily wounded.
The crimson imp closely misses you.
You hit the crimson imp.
The crimson imp is heavily wounded.
The crimson imp hits you.
You barely miss the crimson imp.
The crimson imp is heavily wounded.
The crimson imp hits you.
You hit the crimson imp.
The crimson imp is heavily wounded.
The crimson imp grins evilly.
The crimson imp hits you.
You hit the crimson imp.
The crimson imp is severely wounded.
The crimson imp blinks!
The crimson imp blinks!
You miss the crimson imp.
The crimson imp is heavily wounded.
Your magical infusion is running out.
The crimson imp hits you but does no damage.
You miss the crimson imp.
The crimson imp is heavily wounded.
The crimson imp hits you.
You barely miss the crimson imp.
The crimson imp is moderately wounded.
The crimson imp hits you but does no damage.
The crimson imp hits you.
You miss the crimson imp.
The crimson imp is moderately wounded.
The crimson imp barely misses you.
You hit the crimson imp.
The crimson imp is moderately wounded.
The crimson imp hits you.
You die...

You could see a crimson imp.

Vanquished Creatures
  An adder (D:2)
  2 oozes (D:1)
  4 giant cockroaches
  4 goblins
  2 hobgoblins (D:1)
  7 kobolds
  A quokka (D:2)
  A ball python (D:1)
  3 bats
  A giant newt (D:1)
  10 rats
36 creatures vanquished.

Action                   |  1- 3 |  4- 6 || total
-------------------------+-------+-------++-------
Melee: Falchion          |    98 |    68 ||   166
 Cast: Infusion          |     1 |     1 ||     2
  Eat: Chunk             |     2 |     1 ||     3

Vault maps used:
D:1:      wheals_arrival_linesprint
D:2:      makhleb_grotto_becter, st_stairs_13, roderic_nine_men_s_morris,
          uniq_crazy_yiuf_cottage
